AoeStats
← Milla Magia

African Clearing

505488180Analyzed
4v4 RM · 22d ago on Sep 9, 2026· 40m 48s· 8 players
Game mode
Random Map
Map size
Large (8 player)
Population
200
Speed
Normal
Resources
Standard
Victory
Conquest
Starting age
Dark Age
Ending age
Imperial Age
RankedLock teamsTeams togetherTeam positionsShared explorationLock speedFull tech treeHidden civsTurbo modeCheats
Victory
Defeat
🇨🇿 Saracens · Czechia
1150
+16
🇫🇮 Japanese · Finland
1134
+17
🇧🇩 Lithuanians · Bangladesh
1116
+18
🇪🇨 Aztecs · Ecuador
1084
+19
🇦🇷 Franks · Argentina
1290
-24
🇫🇷 Tupi · France
1164
-18
🇦🇷 Bengalis · Argentina
1119
-16
🇨🇱 Burgundians · Chile
1031
-12
Wandraak
12:48 Feudal Age
13:21 Horse Collar
13:28 Double-Bit Axe
19:43 Castle Age
20:36 Wheelbarrow
23:25 Scale Barding Armor
24:56 Bow Saw
26:55 Man-at-Arms
27:59 Husbandry
30:44 Loom
31:51 Forging
32:08 Chain Barding Armor
32:14 Bloodlines
31:53 Light Cavalry
33:55 Hand Cart
34:39 Bimaristan
35:12 Heavy Plow
40:32 Imperial Age
40:41 Elite Mameluke
henry2992
4:45 Loom
13:46 Feudal Age
20:47 Castle Age
19:03 Double-Bit Axe
19:36 Scale Mail Armor
38:14 Bow Saw
41:08 Wheelbarrow
Milla Magia
11:49 Feudal Age
11:20 Loom
12:17 Double-Bit Axe
17:21 Castle Age
16:19 Town Watch
18:37 Wheelbarrow
31:26 Bow Saw
31:27 Scale Mail Armor
31:55 Forging
31:59 Pikeman
CumansCumin
7:15 Loom
13:57 Feudal Age
17:44 Castle Age
16:33 Stone Mining
16:43 Double-Bit Axe
16:46 Horse Collar
20:22 Bow Saw
20:36 Heavy Plow
28:09 Fervor
30:19 Bloodlines
30:09 Husbandry
30:16 Scale Barding Armor
30:21 Forging
31:00 Wheelbarrow
30:17 Gold Mining
31:55 Chain Barding Armor
32:41 Forging
35:55 Imperial Age
34:38 Iron Casting
34:45 Stone Shaft Mining
34:35 Hand Cart
34:17 Light Cavalry
36:12 Cavalier
36:51 Murder Holes
38:28 Plate Barding Armor
38:54 Two-Man Saw
37:46 Paladin
41:29 Conscription
41:45 Hoardings
VZ PITBULLBRA
11:39 Loom
13:45 Feudal Age
19:22 Castle Age
17:52 Fletching
18:19 Double-Bit Axe
18:56 Gold Mining
20:38 Bodkin Arrow
21:31 Padded Archer Armor
26:04 Town Watch
30:01 Leather Archer Armor
32:19 Wheelbarrow
32:52 Town Patrol
40:02 Imperial Age
40:06 Horse Collar
41:18 Bracer
KEVINLUCIANO631
8:45 Loom
9:25 Double-Bit Axe
14:03 Feudal Age
14:58 Bow Saw
20:18 Castle Age
22:45 Scale Barding Armor
22:52 Forging
25:13 Cavalier
30:00 Light Cavalry
39:24 Iron Casting
Gergis Khan
6:01 Loom
14:07 Feudal Age
15:03 Double-Bit Axe
18:49 Castle Age
20:48 Bow Saw
25:25 Horse Collar
26:04 Fletching
27:28 Scale Barding Armor
28:42 Bloodlines
31:06 Paiks
32:27 Padded Archer Armor
32:26 Town Watch
33:38 Bodkin Arrow
34:04 Chain Barding Armor
33:21 Elite Skirmisher
35:55 Wheelbarrow
37:13 Pikeman
38:37 Ballistics
38:54 Chain Barding Armor
38:51 Leather Archer Armor
38:51 Heavy Plow
38:43 Gold Mining
angelz
10:35 Loom
13:44 Feudal Age
18:25 Castle Age
19:46 Fletching
25:47 Double-Bit Axe
29:22 Bow Saw
34:28 Wheelbarrow
41:43 Imperial Age
Connection lost

Rejoining the realm…

Still unreachable

The connection could not be restored.

Session expired

The server has moved on; the page needs a fresh start.